AoeStats
← 公鸡神探

Hill Fort

506388209Analyzed
4v4 RM · 20d ago on Sep 13, 2026· 63m 49s· 8 players
Game mode
Random Map
Map size
Large (8 player)
Population
200
Speed
Normal
Resources
Standard
Victory
Conquest
Starting age
Dark Age
Ending age
Imperial Age
RankedLock teamsTeams togetherTeam positionsShared explorationLock speedFull tech treeHidden civsTurbo modeCheats
Victory
Defeat
🇨🇳 Berbers · China
1352
+12
🇨🇳 Spanish · China
1346
+12
🇦🇷 Khmer · Argentina
1230
+17
🇨🇳 Mongols · China
1155
+21
🇨🇳 Persians · China
1274
-16
🇨🇳 Vietnamese · China
1268
-16
🇨🇳 Inca · China
1257
-15
🇨🇳 Franks · China
1237
-15
无甲的joe
10:11 Feudal Age
15:19 Castle Age
13:59 Horse Collar
14:45 Double-Bit Axe
18:19 Fletching
22:23 Padded Archer Armor
23:25 Bodkin Arrow
25:48 Leather Archer Armor
27:25 Bow Saw
35:38 Imperial Age
33:44 Wheelbarrow
34:45 Heavy Plow
36:09 Stone Mining
36:10 Gold Mining
36:59 Hand Cart
36:30 Town Watch
37:04 Elite Rattan Archer
38:06 Paper Money
39:05 Two-Man Saw
38:48 Thumb Ring
40:07 Chemistry
41:34 Bracer
42:05 Ring Archer Armor
41:51 Arson
42:28 Scale Mail Armor
42:38 Forging
42:04 Elite Fire Lancer
43:08 Squires
44:23 Chain Mail Armor
44:44 Iron Casting
46:13 Plate Mail Armor
49:02 Elite Skirmisher
50:39 Pikeman
51:27 Halberdier
56:04 Imperial Skirmisher
公鸡神探
11:38 Feudal Age
13:24 Double-Bit Axe
16:03 Castle Age
13:59 Horse Collar
15:24 Loom
21:21 Bow Saw
26:24 Fletching
29:45 Bodkin Arrow
34:13 Imperial Age
31:56 Crossbowman
33:22 Wheelbarrow
33:32 Scale Mail Armor
33:43 Forging
34:14 Forging
35:48 Arbalester
36:45 Bracer
36:45 Padded Archer Armor
37:24 Conscription
38:10 Chain Mail Armor
38:30 Iron Casting
39:45 Ballistics
40:26 Chemistry
40:42 Hand Cart
40:13 Town Watch
41:54 Plate Mail Armor
42:00 Iron Casting
45:40 Thumb Ring
45:00 Capped Ram
45:04 Elite Kamayuk
45:46 Fabric Shields
45:49 Andean Sling
47:29 Siege Ram
55:44 Town Patrol
57:09 Leather Archer Armor
59:26 Ring Archer Armor
58:47 Elite Skirmisher
62:47 Pikeman
63:28 Squires
63:13 Arson
默默发育
10:00 Feudal Age
12:37 Double-Bit Axe
19:04 Castle Age
20:12 Wheelbarrow
31:15 Bow Saw
31:55 Gold Mining
34:47 Imperial Age
33:01 Forging
32:57 Scale Barding Armor
33:44 Husbandry
34:26 Iron Casting
35:32 Chain Barding Armor
34:54 Cavalier
36:31 Conscription
36:53 Gold Shaft Mining
36:06 Town Watch
36:53 Hand Cart
37:51 Blast Furnace
37:27 Plate Barding Armor
36:20 Paladin
37:44 Stone Mining
40:31 Light Cavalry
42:56 Town Patrol
42:41 Loom
49:37 Elite Skirmisher
50:10 Fletching
50:22 Padded Archer Armor
50:58 Imperial Skirmisher
55:14 Bodkin Arrow
59:13 Scale Mail Armor
62:11 Leather Archer Armor
62:41 Ballistics
32451522431
10:53 Feudal Age
12:13 Double-Bit Axe
14:40 Castle Age
12:50 Horse Collar
15:23 Bow Saw
20:22 Loom
21:33 Scale Barding Armor
22:02 Husbandry
23:27 Bloodlines
25:51 Chain Barding Armor
27:59 Wheelbarrow
29:05 Heavy Plow
29:21 Hand Cart
30:00 Gold Mining
35:16 Imperial Age
33:03 Forging
33:51 Gold Shaft Mining
35:18 Iron Casting
34:52 Cavalier
36:08 Plate Barding Armor
36:51 Savar
39:52 Blast Furnace
42:04 Town Watch
43:06 Heavy Camel Rider
46:02 Light Cavalry
49:03 Hussar
52:34 Two-Man Saw
52:42 Crop Rotation
Braian
10:05 Feudal Age
10:11 Loom
14:04 Castle Age
12:54 Double-Bit Axe
13:30 Horse Collar
20:04 Husbandry
22:30 Bloodlines
22:58 Scale Barding Armor
23:05 Forging
25:12 Iron Casting
27:34 Chain Barding Armor
还有遗憾吗
9:11 Feudal Age
12:49 Loom
15:51 Castle Age
14:48 Double-Bit Axe
15:24 Horse Collar
27:12 Gold Mining
27:15 Stone Mining
27:40 Bow Saw
30:59 Wheelbarrow
30:09 Town Watch
33:04 Imperial Age
32:29 Ballistics
32:21 Fletching
32:31 Padded Archer Armor
33:06 Heavy Plow
33:50 Stone Shaft Mining
33:08 Gold Mining
34:29 Conscription
35:44 Chemistry
34:59 Masonry
34:48 Bodkin Arrow
34:54 Padded Archer Armor
37:35 Leather Archer Armor
37:21 Bracer
37:29 Thumb Ring
37:50 Parthian Tactics
37:29 Husbandry
37:40 Bloodlines
38:13 Gold Shaft Mining
38:10 Elite Mangudai
39:14 Forging
39:10 Scale Barding Armor
42:34 Iron Casting
42:21 Chain Barding Armor
42:41 Hoardings
42:06 Nomads
50:06 Coinage
61:31 Drill
开心不易
10:29 Feudal Age
15:01 Castle Age
13:57 Double-Bit Axe
19:25 Bow Saw
22:46 Loom
25:14 Wheelbarrow
25:04 Fletching
25:15 Padded Archer Armor
26:29 Kasbah
27:16 Horse Collar
29:30 Heavy Plow
29:33 Town Watch
34:40 Imperial Age
32:19 Gold Mining
33:28 Bodkin Arrow
33:48 Leather Archer Armor
35:26 Ballistics
34:47 Treadmill Crane
35:47 Conscription
35:29 Maghrebi Camels
36:37 Gold Shaft Mining
35:56 Elite Camel Archer
37:48 Chemistry
37:07 Hand Cart
37:36 Ring Archer Armor
43:09 Bracer
56:49 Scale Barding Armor
57:54 Squires
951341856
11:18 Feudal Age
14:56 Castle Age
12:45 Horse Collar
13:17 Double-Bit Axe
19:36 Loom
23:20 Wheelbarrow
22:31 Town Watch
23:08 Padded Archer Armor
23:45 Stone Mining
23:47 Gold Mining
24:56 Bow Saw
24:54 Heavy Plow
27:03 Leather Archer Armor
27:54 Hand Cart
34:36 Imperial Age
33:38 Husbandry
33:51 Bloodlines
33:48 Scale Barding Armor
35:38 Chain Barding Armor
35:28 Forging
35:23 Cavalier
36:38 Conscription
37:01 Plate Barding Armor
37:02 Iron Casting
36:43 Paladin
42:22 Blast Furnace
49:15 Light Cavalry
50:30 Hussar
53:20 Two-Man Saw
63:30 Caravan
Connection lost

Rejoining the realm…

Still unreachable

The connection could not be restored.

Session expired

The server has moved on; the page needs a fresh start.